 Dungeon Crawl Stone Soup version 0.28-a0-1038-g9c4cb8273d (webtiles) character file.

Game seed: 1855070274015278449

100 GregHouse the Chopper (level 4, -2/40 HPs)
             Began as a Hill Orc Monk on Dec 8, 2021.
             Splashed by a jelly's acid (8 damage)
             ... on level 4 of the Dungeon.
             The game lasted 00:08:34 (2986 turns).

GregHouse the Chopper (Hill Orc Monk)               Turns: 2986, Time: 00:08:35

Health: -2/40      AC:  1    Str: 15    XL:     4   Next: 73%
Magic:  4/4        EV: 12    Int: 10    God:
Gold:   97         SH:  0    Dex: 13    Spells: 3/3 levels left

rFire   . . .      SeeInvis .   p - +2 hand axe (pain)
rCold   . . .      Faith    .   (no shield)
rNeg    . . .      Spirit   .   q - +0 leather armour
rPois   .          Reflect  .   g - +0 helmet
rElec   .          Harm     .   (no cloak)
rCorr   .          Rampage  .   (no gloves)
Will    .....                   m - +0 pair of boots
Stlth   ++........              (no amulet)
HPRegen 0.13/turn               (no ring)
MPRegen 0.09/turn               (no ring)

@: mighty, corroded
A: no striking features
a: no special abilities


You were on level 4 of the Dungeon.
You visited 1 branch of the dungeon, and saw 4 of its levels.

You collected 97 gold pieces.

Inventory:

Hand Weapons
 a - a +0 hand axe
 p - a +2 hand axe of pain (weapon)
Armour
 b - a +0 robe
 g - a +0 helmet (worn)
 m - a +0 pair of boots (worn)
 q - a +0 leather armour (worn)
Jewellery
 f - an amulet of the acrobat
Scrolls
 c - a scroll of immolation {unknown}
 h - a scroll of torment {unknown}
 j - a scroll of teleportation {unknown}
 k - a scroll of identify
 n - a scroll of enchant armour {unknown}
 o - a scroll of holy word {unknown}
Potions
 d - 2 potions of attraction
 e - a potion of might
 i - a potion of cancellation {unknown}
 l - a potion of heal wounds {unknown}


   Skills:
 + Level 4.2 Fighting
 + Level 5.6 Axes
 + Level 3.0 Dodging
 + Level 2.0 Stealth


You had 3 spell levels left.
You didn't know any spells.
Your spell library was empty.

Dungeon Overview and Level Annotations

Branches:
Dungeon (4/15)
 Temple: D:4-7

Altars:

Annotations:
D:3 exclusion: downstairs


Message History

Setting a skill training target for Axes at 14.0.
You have a feeling of ineptitude.
p - a +2 hand axe of pain (weapon)
You start resting.
HP restored.
You start waiting.
A jelly is nearby!
You start removing your armour.
You continue taking off your +0 robe.
The jelly jiggles.
You continue taking off your +0 robe. x2
The jelly jiggles.
You continue taking off your +0 robe.
You finish taking off your +0 robe.
You start putting on your armour.
You continue putting on your +0 leather armour. x2
The jelly barely misses you.
You continue putting on your +0 leather armour.
The jelly hits you.
Keep equipping yourself?
The acid corrodes you!
You are splashed with acid!
You continue putting on your +0 leather armour.
The jelly barely misses you.
You continue putting on your +0 leather armour.
The jelly hits you.
You are splashed with acid!
You finish putting on your +0 leather armour.
You hit the jelly.
Your hands burn!
The jelly is moderately wounded.
The jelly misses you.
You hit the jelly but do no damage.
Your hands burn!
The jelly is moderately wounded.
The jelly hits you.
* * * LOW HITPOINT WARNING * * *
You are splashed with acid.
* * * LOW HITPOINT WARNING * * *
It was a potion of might.
You feel very mighty all of a sudden. The jelly hits you.
* * * LOW HITPOINT WARNING * * *
You are splashed with acid!
You die...

###..##.#####..
# #.# #.###
....# ####....##
#.........
#######.........
#......J........
#......@†.....#
#.............#
#.............#
#..........####
#..........####.
#...............
#....).....#####
#......<...#
#..........#


You could see a jelly.

Vanquished Creatures
  2 adders
  3 dart slugs
  2 orcs
  6 ball pythons
  5 endoplasms
  6 giant cockroaches
  6 goblins
  10 hobgoblins
  4 jackals
  2 quokkas (D:1)
  6 bats
  4 frilled lizards
  4 kobolds
  8 rats
68 creatures vanquished.

Vanquished Creatures (others)
  A fungus (D:2)
1 creature vanquished.

Grand Total: 69 creatures vanquished

Notes
Turn   | Place    | Note
-------+----------+-------------------------------------------
     0 | D:1      | GregHouse the Hill Orc Monk began the quest for the Orb.
     0 | D:1      | Reached XP level 1. HP: 19/19 MP: 1/1
   215 | D:1      | Reached XP level 2. HP: 15/27 MP: 2/2
  1237 | D:1      | Reached XP level 3. HP: 33/33 MP: 3/3
  1708 | D:2      | Reached skill level 5 in Axes
  1829 | D:3      | Reached XP level 4. HP: 33/40 MP: 4/4
  2126 | D:2      | Found a faded altar of an unknown god.
  2986 | D:4      | Splashed by a jelly's acid

Illustrated notes

Levels and vault maps discovered:
D:1:      dpeg_arrival_snail, layout_basic
D:2:      layout_basic, dreamdust_ecumenical_altar_hidden_monk_grotto
D:3:      minmay_evil_eye, layout_basic
D:4:      layout_basic, kennysheep_mini, minmay_pentomino_pile

Skill      XL: |  1  2  3  4 |
---------------+-------------+-----
Fighting       | 4 |  4.2
Axes           | 5 |  5.6
Stealth        | 2 |  2.0
Dodging        | 3 |  3.0

Action                   |  1- 3 |  4- 6 || total
-------------------------+-------+-------++-------
Melee: Hand axe          |   120 |    99 ||   219
  Use: Scroll            |       |     1 ||     1
       Potion            |       |     1 ||     1
 Stab: Sleeping          |     5 |     1 ||     6
Armor: Robe              |    16 |    30 ||    46
Dodge: Dodged            |    73 |    56 ||   129

Table legend: (Time is in decaauts)
 A = Elapsed time spent in this place.
 B = Non-inter-level travel time spent in this place.
 C = Inter-level travel time spent in this place.
 D = Time resting spent in this place.
 E = Time spent auto-exploring this place.
 F = Levels seen in this place.
 G = Mean time per level.
                   A        B        C        D        E       F      G
               +--------+--------+--------+--------+--------+-----+--------+
         Total |   3003 |   2956 |     47 |    751 |   1379 |   4 |  750.8 |
       Dungeon |   3003 |   2956 |     47 |    751 |   1379 |   4 |  750.8 |
               +--------+--------+--------+--------+--------+-----+--------+

Top non-repeatable levels by time:
     D:1: 1639 daAuts
     D:3: 686 daAuts
     D:2: 590 daAuts
     D:4: 85 daAuts
